 Dungeon Crawl Stone Soup version 0.18-b1-18-g7758cf2 (webtiles) character file.

3473 Silphendio the Covert (level 9, -17/68 HPs)
             Began as a Vampire Assassin on May 3, 2016.
             Was a Follower of Dithmenos.
             Demolished by a red ugly thing (22 damage)
             ... on level 7 of the Dungeon.
             The game lasted 00:36:01 (8144 turns).

Silphendio the Covert (Vampire Assassin)            Turns: 8144, Time: 00:36:01

Health: -17/68     AC:  5    Str: 10    XL:     9   Next: 79%
Magic:  9/9        EV: 20    Int: 16    God:    Dithmenos [*.....]
Gold:   164        SH:  0    Dex: 22    Spells: 0 memorised, 8 levels left

rFire  . . .     SeeInvis +     a - +0 short sword (elec)
rCold  . . .     Gourm    .     c - +0 robe
rNeg   + . .     Faith    .     (no shield)
rPois  .         Spirit   .     g - +0 helmet
rElec  .         Dismiss  .     d - +0 cloak
rCorr  .         Reflect  .     o - +0 pair of gloves
SustAt +         Harm     .     (no boots)
MR     .....                    (no amulet)
Stlth  ++++++++..               (no ring)
                                r - ring of sustain attributes

@: wreathed by umbra, not resistant to hostile enchantments, extraordinarily
stealthy
A: fangs 3, see invisible, agile 2, clever 1, unbreathing
a: Bat Form, Renounce Religion


You were on level 7 of the Dungeon.
You worshipped Dithmenos.
Dithmenos was aware of your devotion.
You were not thirsty.

You visited 2 branches of the dungeon, and saw 9 of its levels.
You also visited: Ossuary.

You collected 268 gold pieces.
You spent 104 gold pieces at shops.

Inventory:

Hand Weapons
 a - a +0 short sword of electrocution (weapon)
 b - a +0 blowgun
 u - a +2 dagger
 F - the cursed +1 whip of Integrity {slash, Str+3 Stlth+, unknown}
   (You found it on level 7 of the Dungeon)

   It inflicts extra damage upon your enemies.
   It affects your strength (+3).
   It makes you more stealthy.
   It has a curse placed upon it.
 K - a cursed -1 dagger
Missiles
 e - 37 poisoned needles
Armour
 c - a +0 robe (worn)
 d - a +0 cloak (worn)
 g - a +0 helmet (worn)
 n - a +0 buckler
 o - a +0 pair of gloves (worn)
Jewellery
 r - a ring of sustain attributes (left hand)
Wands
 y - a wand of flame (23/48)
 B - a wand of paralysis (13/24)
 C - a wand of teleportation (2/9)
Scrolls
 h - 2 scrolls of random uselessness
 i - 5 scrolls of identify
 j - 2 scrolls of fog {unknown}
 m - a scroll of remove curse
 p - a scroll of amnesia {unknown}
 v - a scroll of noise {unknown}
 A - a scroll of recharging {unknown}
 G - a scroll of holy word {unknown}
 H - a scroll of blinking {unknown}
Potions
 k - a potion of curing
 q - a potion of blood
 s - a potion of resistance {unknown}
 t - a potion of magic {unknown}
 w - a potion of cancellation {unknown}
 z - a potion of degeneration {unknown}
 D - 2 potions of cure mutation {unknown}
 E - a potion of ambrosia {unknown}
 I - 3 potions of heal wounds {unknown}
 J - 2 potions of haste {unknown}
Books
 x - a book of Party Tricks

   Spells                             Type                      Level
   a - Summon Butterflies             Summoning                    1
   b - Apportation                    Translocation                1
   c - Tukima's Dance                 Hexes                        3
   d - Alistair's Intoxication        Transmutation/Poison         5
   e - Invisibility                   Hexes                        6
 L - a book of Geomancy

   Spells                             Type                      Level
   a - Sandblast                      Earth                        1
   b - Passwall                       Transmutation/Earth          2
   c - Stone Arrow                    Conjuration/Earth            3
   d - Petrify                        Transmutation/Earth          4
   e - Lee's Rapid Deconstruction     Earth                        5


   Skills:
 + Level 5.2 Fighting
 + Level 6.2 Short Blades
 + Level 2.4 Throwing
 + Level 8.5 Dodging
 + Level 13.7 Stealth
 + Level 0.3 Evocations


You had 8 spell levels left.
You didn't know any spells.

Dungeon Overview and Level Annotations

Branches:
Dungeon (8/15)             Temple (1/1) D:6
   Lair: D:8-11

Altars:
Ashenzari
Cheibriados
Dithmenos
Elyvilon
Fedhas
Kikubaaqudgha
Makhleb
Pakellas
Qazlal
Ru
Sif Muna
Trog
Xom
Yredelemnul
Zin
The Shining One

Shops:
D:4 (   D:7 }

Annotations:
D:7 Dowan, Duvessa, Menkaure


Innate Abilities, Weirdness & Mutations

You have razor-sharp teeth.
You have supernaturally acute eyesight.
You can survive without breathing.
You are very agile. (Dex +4)
Your mind is acute. (Int +2)


Message History

The orc priest hits you but does no damage.
You hit the orc priest.
The orc priest is lightly wounded.
The orc priest misses you.
The red ugly thing completely misses you.
You hit the orc priest.
There is a sudden explosion of sparks!
You kill the orc priest!
Dithmenos accepts your kill. The red ugly thing tail-slaps you!
You are engulfed in flames!!
* * * LOW HITPOINT WARNING * * *
The sky beast flickers out of sight for a moment.
Things that are here:
a dagger; an orc corpse The sky beast flickers out of sight for a moment.
The red ugly thing barely misses you.
The sky beast flickers out of sight for a moment.
The red ugly thing tail-slaps you.
* * * LOW HITPOINT WARNING * * *
You are engulfed in flames!!
You die...

########
#..≈...###########
#.####.......Y...#
#.## ###########Y#
...#### #.#
.#.)..######## #u#
...##.##.[)..###@##
#.###.##.###.##.#.#
... #....# #......#
...####### #####..#
...### ### #..#
#>... ..# #..# #..#
#.# #..# #..# #(#
#..##### ##..# #.#
#....).#


You could see a red ugly thing and a sky beast (invisible).

Vanquished Creatures
  Joseph (D:8)
  A spriggan (D:7)
  An ice beast (D:5)
  2 sky beasts
  A black bear (D:8)
  2 ogres
  2 phantoms
  A centaur (D:7)
  4 giant frogs
  An elf skeleton (D:7)
  5 scorpions
  5 wights (D:8)
  2 howler monkeys
  A crimson imp (D:6)
  A giant frog zombie (D:8)
  2 orc priests
  2 centaur zombies (Ossuary)
  4 giant frog skeletons
  6 hounds
  A jelly (D:6)
  4 orc wizards
  Natasha (thrice) (D:2)
  3 iguanas
  2 human skeletons (D:7)
  4 worker ants
  6 big kobold zombies (Ossuary)
  A hound skeleton (D:7)
  5 mummies (Ossuary)
  10 adders
  4 gnolls (D:4)
  A shadow imp (D:7)
  2 oozes
  An adder skeleton (D:6)
  3 worms
  4 dart slugs
  2 giant geckos (D:1)
  11 orcs
  6 giant cockroaches
  2 gnoll zombies (D:5)
  11 goblins
  12 hobgoblins
  3 quokkas
  A ball python (D:2)
  9 bats
  A giant gecko zombie (D:5)
  3 giant newts
  A jackal skeleton (D:7)
  12 kobolds
  5 rats
177 creatures vanquished.

Vanquished Creatures (others)
  9 plants (D:7)
9 creatures vanquished.

Grand Total: 186 creatures vanquished

Notes
Turn   | Place    | Note
--------------------------------------------------------------
     0 | D:1      | Silphendio the Vampire Assassin began the quest for the Orb.
     0 | D:1      | Reached XP level 1. HP: 16/16 MP: 1/1
    48 | D:1      | Reached skill level 6 in Stealth
    93 | D:1      | Reached XP level 2. HP: 7/22 MP: 2/2
   522 | D:1      | Reached XP level 3. HP: 23/27 MP: 3/3
   692 | D:1      | Reached skill level 7 in Stealth
  1496 | D:2      | Reached XP level 4. HP: 33/33 MP: 4/4
  1625 | D:2      | Noticed Natasha
  1644 | D:2      | Killed Natasha
  1896 | D:2      | Noticed Natasha
  1902 | D:2      | Gained mutation: You are agile. (Dex +2) [potion of mutation]
  1902 | D:2      | Gained mutation: You are very agile. (Dex +4) [potion of mutation]
  1902 | D:2      | Gained mutation: Your mind is acute. (Int +2) [potion of mutation]
  1915 | D:2      | Killed Natasha
  2059 | D:2      | Reached XP level 5. HP: 37/39 MP: 5/5
  2166 | D:2      | Found a burning altar of Makhleb.
  2276 | D:2      | Found a bloodstained altar of Trog.
  2458 | D:2      | Noticed Natasha
  2481 | D:2      | Killed Natasha
  2637 | D:3      | Reached skill level 8 in Stealth
  3437 | D:4      | Found Difibak's Weapon Shop.
  3445 | D:4      | Bought a +0 short sword of electrocution for 104 gold pieces
  3452 | D:4      | Noticed an ogre
  3455 | D:4      | Found a shimmering altar of Xom.
  3464 | D:4      | Killed an ogre
  3464 | D:4      | Reached XP level 6. HP: 44/46 MP: 6/6
  3484 | D:4      | Reached skill level 9 in Stealth
  3667 | D:4      | Reached XP level 7. HP: 43/52 MP: 7/7
  4117 | D:5      | Entered Level 5 of the Dungeon
  4198 | D:5      | Reached skill level 10 in Stealth
  4511 | D:5      | Found a white marble altar of Elyvilon.
  4770 | D:5      | Found a basalt altar of Yredelemnul.
  4970 | D:6      | Reached skill level 5 in Dodging
  4986 | D:6      | Reached XP level 8. HP: 60/60 MP: 8/8
  5041 | D:6      | Found a glowing silver altar of Zin.
  5069 | D:6      | Reached skill level 11 in Stealth
  5159 | D:6      | Found a staircase to the Ecumenical Temple.
  5173 | Temple   | Entered the Ecumenical Temple
  5209 | Temple   | Became a worshipper of Dithmenos the Shadowed
  5788 | D:7      | Noticed Menkaure
  5794 | D:7      | Noticed a red ugly thing
  5874 | D:7      | Got an ancient whip
  5913 | D:7      | Found a sand-covered staircase.
  5919 | Ossuary  | Entered an ossuary
  6050 | Ossuary  | Reached skill level 12 in Stealth
  6523 | D:7      | Found Iluo's Gadget Boutique.
  6591 | D:7      | Reached skill level 5 in Short Blades
  6591 | D:7      | Reached XP level 9. HP: 53/66 MP: 9/9
  6660 | D:7      | Noticed Duvessa
  6662 | D:7      | Noticed Dowan
  6801 | D:7      | Reached * piety under Dithmenos
  6922 | D:8      | Noticed Joseph
  6931 | D:8      | Killed Joseph
  6960 | D:8      | Reached skill level 13 in Stealth
  7278 | D:8      | Reached skill level 5 in Fighting
  7351 | D:8      | Found a snail-covered altar of Cheibriados.
  7406 | D:8      | Found a deep blue altar of Sif Muna.
  7434 | D:8      | Reached ** piety under Dithmenos
  8122 | D:7      | HP: 2/68 [red ugly thing (23)]
  8144 | D:7      | Demolished by a red ugly thing

Skill      XL: |  1  2  3  4  5  6  7  8  9 |
---------------+----------------------------+-----
Stealth        | 6 7 8 9 10 12 13 | 13.7
Fighting       | 2 3 4 5 |  5.2
Dodging        | 2 3 5 6 8 |  8.5
Short Blades   | 3 4 5 6 |  6.2
Throwing       | 2 |  2.4
Evocations     | |  0.3

Action                   |  1- 3 |  4- 6 |  7- 9 || total
-------------------------+-------+-------+-------++-------
Melee: Dagger            |    24 |    92 |    15 ||   131
       Bite              |    12 |    14 |    44 ||    70
       Short sword       |   101 |    66 |   322 ||   489
 Fire: Blowgun           |       |    19 |    12 ||    31
Evoke: Wand              |       |       |     2 ||     2
  Use: Potion            |       |     6 |     4 ||    10
       Scroll            |       |     1 |     6 ||     7
 Stab: Sleeping          |    15 |    14 |    35 ||    64
       Distracted        |       |       |     3 ||     3
  Eat: Corpse            |    11 |     5 |    11 ||    27
Armor: Robe              |    27 |    23 |    37 ||    87
Dodge: Dodged            |    62 |    94 |   197 ||   353
